 Dungeon Crawl Stone Soup version 0.28.0-43-g3370ac3207 (webtiles) character file.

Game seed: 4971559744635729419

10658 Woods the Thaumaturge (level 11, -12/64 HPs)
             Began as a Gargoyle Ice Elementalist on Mar 4, 2022.
             Was a Follower of Yredelemnul.
             Hit by a large rock thrown by a cyclops (48 damage)
             ... on level 11 of the Dungeon.
             The game lasted 00:26:54 (15467 turns).

Woods the Thaumaturge (Gargoyle Ice Elementalist)  Turns: 15467, Time: 00:26:54

Health: -12/64     AC: 13    Str: 13    XL:     11   Next: 65%
Magic:  14/25      EV: 13    Int: 19    God:    Yredelemnul [*.....]
Gold:   617        SH:  0    Dex: 10    Spells: 9/30 levels left

rFire   . . .      SeeInvis .   n - +4 quarterstaff (chaos)
rCold   . . .      Faith    .   (shield currently unavailable)
rNeg    + . .      Spirit   .   a - +0 robe
rPois   ∞          Reflect  .   l - +0 helmet
rElec   +          Harm     .   o - +1 cloak
rCorr   .          Rampage  .   (no gloves)
Will    .....                   (no boots)
Stlth   +++.......              (no amulet)
HPRegen 0.20/turn               O - ring of wizardry
MPRegen 0.19/turn               (no ring)

@: studying Transmutations
A: sickness immunity, AC +8, negative energy resistance 1, electricity
resistance, torment resistance 1, petrification resistance
a: Renounce Religion, Recall Undead Harvest


You were on level 11 of the Dungeon.
You worshipped Yredelemnul.
Yredelemnul was noncommittal.
You visited 2 branches of the dungeon, and saw 12 of its levels.
You also visited: Sewer.

You collected 653 gold pieces.
You spent 36 gold pieces at shops.

Inventory:

Hand Weapons
 n - a +4 quarterstaff of chaos (weapon)
 I - the +5 war axe of Termination {venom, *Noise Str+4 Dex+4}
   (You found it on level 7 of the Dungeon)

   It poisons the flesh of those it strikes.
   Str:       It affects your strength (+4).
   Dex:       It affects your dexterity (+4).
   *Noise:    It may make noises in combat.
 L - the +5 spear of Absolution {flame, rF+ Dex+2}
   (You took it off an orc on level 8 of the Dungeon)

   It burns those it strikes, dealing additional fire damage.
   Dex:       It affects your dexterity (+2).
   rF:        It protects you from fire.
Missiles
 r - 2 throwing nets
Armour
 a - a +0 robe (worn)
 l - a +0 helmet (worn)
 o - a +1 cloak (worn)
 J - a +2 leather armour of fire resistance
 K - an orb of mayhem
Jewellery
 O - a ring of wizardry (left hand)
Wands
 y - a wand of mindburst (31)
 F - a wand of acid (11)
 M - a wand of iceblast (8)
Scrolls
 b - 2 scrolls of enchant armour
 c - 2 scrolls of enchant weapon {unknown}
 d - 2 scrolls of vulnerability
 e - 2 scrolls of fear
 f - 2 scrolls of immolation
 j - a scroll of identify
 k - 4 scrolls of teleportation
 m - 5 scrolls of amnesia
 p - 2 scrolls of noise {unknown}
 u - a scroll of torment {unknown}
 C - 3 scrolls of blinking
 E - 2 scrolls of magic mapping {unknown}
 H - a scroll of fog {unknown}
 N - a scroll of holy word {unknown}
Potions
 g - 5 potions of curing
 h - a potion of invisibility {unknown}
 i - 4 potions of attraction
 q - 4 potions of heal wounds
 s - a potion of flight {unknown}
 t - 5 potions of lignification
 v - 2 potions of haste {unknown}
 w - 2 potions of mutation {unknown}
 x - 2 potions of resistance
 z - a potion of experience {unknown}
 A - a potion of magic {unknown}
 B - 3 potions of berserk rage {unknown}
 D - 2 potions of ambrosia {unknown}
 G - 2 potions of brilliance {unknown}


   Skills:
 - Level 6.0 Fighting
 - Level 5.0 Dodging
 - Level 5.0 Stealth
 - Level 10.0 Spellcasting
 + Level 4.8 Necromancy
 - Level 10.0 Ice Magic
 - Level 5.0 Invocations


You had 9 spell levels left.
You knew the following spells:

 Your Spells              Type           Power      Damage    Failure   Level
a - Freeze                Ice            100%       1d11      1%          1
b - Frozen Ramparts       Ice            94%        1d11      1%          3
c - Ozocubu's Armour      Ice            47%        N/A       1%          3
d - Vampiric Draining     Necr           28%        2d8       1%          3
e - Hailstorm             Conj/Ice       28%        3d8       4%          4
f - Ozocubu's Refrigerat  Ice            23%        4d9       38%         7

Your spell library contained the following spells:

 Spells                   Type           Power      Damage    Failure   Level
 Corpse Rot               Necr/Air       36%        N/A       1%          2
 Slow                     Hex            36%        N/A       3%          1
 Poisonous Vapours        Pois/Air       18%        N/A       4%          2
 Confusing Touch          Hex            9%         N/A       9%          3


Dungeon Overview and Level Annotations

Branches:
Dungeon (11/15)            Temple (1/1) D:4           Sewer (visited)
   Lair: D:8-11         Orc: D:9-12

Altars:
Ashenzari
Cheibriados
Dithmenos
Elyvilon
Fedhas
Gozag
Hepliaklqana
Kikubaaqudgha
Makhleb
Nemelex Xobeh
Okawaru
Qazlal
Ru
Sif Muna
Trog
Uskayaw
Vehumet
Wu Jian
Xom
Yredelemnul
Zin
The Shining One

Shops:
D:3 !   D:8 *

Portals:
Abyss: D:9

Annotations:
D:9 2 transporters, Lambsauce's ghost, novice DrCj


Innate Abilities, Weirdness & Mutations

You are immune to sickness and miasma.
Your stone body is resilient. (AC +8)
You are immune to poison.
You resist negative energy. (rN+)
You are resistant to electric shocks. (rElec)
You are resistant to unholy torment.
You are immune to petrification.


Message History

Your orc zombie barely misses Urug.
Your two-headed ogre zombie hits Urug!
Your two-headed ogre zombie barely misses Urug.
Unknown command.
Casting: Vampiric Draining (safe; 1% risk of failure)
Confirm with . or Enter, or press ? or * to list all spells.
You don't have enough magic to cast this spell.
Your icy armour will break if you move.
Continue?
You swap places.
Your icy armour cracks and falls away as you move.
Urug hits your two-headed ogre zombie with a +5 scimitar of freezing!!
Urug freezes your two-headed ogre zombie.
Your orc zombie hits Urug but does no damage.
Your orc wizard zombie hits Urug but does no damage.
Urug hits your two-headed ogre zombie with a +5 scimitar of freezing!
Your orc zombie hits Urug but does no damage.
Your two-headed ogre zombie hits Urug but does no damage. x2
Urug hits your two-headed ogre zombie with a +5 scimitar of freezing!
Your orc wizard zombie hits Urug.
Your orc zombie hits Urug but does no damage.
Your two-headed ogre zombie hits Urug.
Your two-headed ogre zombie hits Urug!
Urug dies!
You swap places.
Items here: ( ))) [.
You start resting.
A cyclops comes into view.
A cyclops is nearby!
You swap places.
The cyclops throws a large rock.
The large rock hits your orc wizard zombie!!
Your orc wizard zombie is destroyed!
You can no longer trade souls for undead servants.
Casting: Vampiric Draining (safe; 1% risk of failure)
Confirm with . or Enter, or press ? or * to list all spells.
Casting: Frozen Ramparts (safe; 1% risk of failure)
Press: ? - help, Dir - look around, f - activate
Okay, then.
The cyclops throws a large rock.
The large rock hits you!!!
Ouch! That really hurt!
You die...
Your body rises from the dead as a mindless zombie.

#...# .# #...# #
#...# ##.## #.# #)#
#
###.###.######.##(.
#.....C))..Z..)..#
###.###..@ZZ...#.#
#######......
.##.## # #


You could see a cyclops, 2 friendly orc zombies and a friendly two-headed ogre
zombie.

Vanquished Creatures
  2 two-headed ogres
  Pikel (D:5)
  Maggie (D:6)
  2 meliai (D:10)
  Grinder (D:4)
  2 wyverns
  18 yaks
  3 vampire mosquitoes
  Duvessa (D:7)
  An acid dragon (D:10)
  3 ice beasts
  2 orc warriors
  2 sky beasts
  A necrophage (D:8)
  4 ogres
  A lemure (D:5)
  A phantom (D:3)
  A kobold brigand (Sewer)
  2 bullfrogs
  2 scorpions
  A gnoll sergeant (D:10)
  A water moccasin zombie (D:5)
  A wyvern zombie (D:8)
  Dowan (D:7)
  A water moccasin skeleton (D:7)
  A killer bee (D:8)
  2 howler monkeys (D:9)
  2 centaur zombies
  A jelly (D:4)
  4 orc priests
  3 hounds
  Crazy Yiuf (D:2)
  A bullfrog skeleton (D:6)
  A centaur skeleton (D:7)
  3 iguanas
  Terence (D:2)
  8 orc wizards
  Robin (D:2)
  15 gnolls
  9 adders
  A shadow imp (D:5)
  A white imp (D:7)
  3 ufetubi
  An adder skeleton (D:2)
  An adder zombie (D:5)
  55 orcs
  5 bats
  12 endoplasms
  7 giant cockroaches
  10 hobgoblins
  4 jackals (D:1)
  18 kobolds
  A quokka (D:1)
  10 ball pythons
  6 frilled lizards
  16 goblins
  11 rats
271 creatures vanquished.

Vanquished Creatures (collateral kills)
  A two-headed ogre (D:10)
  Urug (D:11)
  A yak (D:9)
  An ice beast (D:5)
  2 lemures (D:5)
  A water moccasin zombie (D:5)
  A scorpion (D:6)
  3 killer bees (D:8)
  A jelly (D:4)
  A gnoll (D:10)
  A goblin (D:9)
  A ball python (D:4)
15 creatures vanquished.

Vanquished Creatures (others)
  A meliai zombie (D:10)
  2 vampire mosquito zombies (D:10)
  A yak zombie (D:8)
  4 gnoll zombies
  4 goblin zombies (D:9)
  8 orc zombies
  A spectral ufetubus (D:5)
  A plant (Sewer)
22 creatures vanquished.

Grand Total: 308 creatures vanquished

Notes
Turn   | Place    | Note
-------+----------+-------------------------------------------
     0 | D:1      | Woods the Gargoyle Ice Elementalist began the quest for the
                  | Orb.
     0 | D:1      | Reached XP level 1. HP: 10/10 MP: 3/3
   341 | D:1      | Reached XP level 2. HP: 13/15 MP: 0/5
   970 | D:1      | Reached XP level 3. HP: 11/19 MP: 2/6
  1095 | D:1      | Learned a level 3 spell: Frozen Ramparts
  1099 | D:1      | Learned a level 3 spell: Ozocubu's Armour
  1150 | D:1      | Found a faded altar of an unknown god.
  1831 | D:2      | Noticed Terence
  1848 | D:2      | Killed Terence
  1849 | D:2      | Reached XP level 4. HP: 14/24 MP: 0/8
  2235 | D:2      | Noticed Robin
  2273 | D:2      | Reached skill level 5 in Ice Magic
  2281 | D:2      | Killed Robin
  2724 | D:2      | Reached XP level 5. HP: 23/28 MP: 8/10
  2731 | D:2      | Learned a level 3 spell: Vampiric Draining
  3006 | D:2      | Found a runed translucent door.
  3007 | D:2      | Noticed Crazy Yiuf
  3015 | D:2      | Killed Crazy Yiuf
  3097 | D:3      | Reached skill level 1 in Necromancy
  3298 | D:3      | Reached XP level 6. HP: 32/32 MP: 7/12
  3594 | D:3      | Identified the +8 chain mail of Indomitability {rF+ rN++
                  | Dex+2}
  3624 | D:3      | Found Sailiara's Distillery.
  3656 | D:3      | Reached XP level 7. HP: 25/36 MP: 6/13
  3980 | D:3      | Bought a potion of curing for 36 gold pieces
  4770 | D:4      | Found a glowing drain.
  4778 | Sewer    | Entered a sewer
  4921 | Sewer    | Reached skill level 5 in Spellcasting
  5551 | D:4      | Noticed Grinder
  5584 | D:4      | Killed Grinder
  5585 | D:4      | Reached XP level 8. HP: 31/41 MP: 4/17
  5590 | D:4      | Learned a level 4 spell: Hailstorm
  5694 | D:4      | Reached skill level 1 in Fighting
  5986 | D:4      | Found a staircase to the Ecumenical Temple.
  6004 | Temple   | Entered the Ecumenical Temple
  6041 | Temple   | Became a worshipper of Yredelemnul the Dark
  6249 | D:4      | Identified the +4 scale mail "Xogish" {rPois rC+}
  6273 | D:4      | Reached * piety under Yredelemnul
  6549 | D:5      | Entered Level 5 of the Dungeon
  6586 | D:5      | Found a blossoming altar of Fedhas.
  7372 | D:5      | Found an opulent altar of Gozag.
  7409 | D:5      | Reached XP level 9. HP: 13/51 MP: 14/18
  7775 | D:5      | Reached skill level 5 in Stealth
  7820 | D:5      | Reached ** piety under Yredelemnul
  7915 | D:5      | Noticed Pikel
  7939 | D:5      | Killed Pikel
  7940 | D:5      | Reached skill level 5 in Fighting
  8408 | D:6      | Noticed Maggie
  8421 | D:6      | Killed Maggie
  8422 | D:6      | Reached skill level 5 in Dodging
  9504 | D:7      | Reached XP level 10. HP: 55/60 MP: 17/20
  9504 | D:7      | Identified the +5 war axe of Termination {venom, *Noise
                  | Str+4 Dex+4}
  9540 | D:7      | Noticed Duvessa
  9552 | D:7      | Killed Duvessa
  9555 | D:7      | Noticed Dowan
  9559 | D:7      | Killed Dowan
 11485 | D:8      | Found Qow Foow's Mass Market.
 11569 | D:8      | Identified the +5 spear of Absolution {flame, rF+ Dex+2}
 11628 | D:8      | Reached *** piety under Yredelemnul
 12145 | D:9      | Found a transporter.
 12146 | D:9      | Found a transporter.
 12147 | D:9      | Found a one-way gate to the infinite horrors of the Abyss.
 12147 | D:9      | Noticed Lambsauce's ghost (novice DrCj)
 12218 | D:9      | Found a flagged portal.
 12777 | D:9      | Noticed a worldbinder
 12801 | D:10     | Entered Level 10 of the Dungeon
 12865 | D:9      | Reached XP level 11. HP: 52/64 MP: 17/24
 12866 | D:9      | Reached skill level 1 in Invocations
 12973 | D:10     | Reached skill level 10 in Spellcasting
 13260 | D:10     | Noticed a two-headed ogre
 13656 | D:10     | Noticed a two-headed ogre
 13979 | D:10     | Found a glowing silver altar of Zin.
 14256 | D:10     | Learned a level 7 spell: Ozocubu's Refrigeration
 14315 | D:10     | Killed a two-headed ogre
 14428 | D:10     | Found an ancient bone altar of Kikubaaqudgha.
 14434 | D:10     | Reached skill level 10 in Ice Magic
 14978 | D:10     | Killed a two-headed ogre
 14979 | D:10     | Reached skill level 5 in Invocations
 15361 | D:11     | Noticed a two-headed ogre
 15386 | D:11     | Noticed Urug
 15392 | D:11     | Killed a two-headed ogre
 15399 | D:11     | Killed Urug
 15461 | D:11     | Noticed a cyclops
 15467 | D:11     | Hit by a large rock thrown by a cyclops

Illustrated notes

Levels and vault maps discovered:
D:1:      dpeg_arrival_tiny_d, layout_loops_corners, basic_ecumenical_altar,
          hangedman_decor_opposing, minmay_pentomino_r2
D:2:      layout_basic, minmay_tree_intersection, uniq_robin, uniq_terence,
          uniq_crazy_yiuf_cottage
D:3:      layout_loops_cross, serial_shops, shop
D:4:      minmay_opposing_rooms, layout_basic,
          minmay_temple_entry_statues_fountains, portal_sewer_entry_e,
          uniq_grinder
D:5:      layout_loops_ring, nicolae_gozag_cash_rules_everything_around_me,
          lemuel_coloured_pillars_altar, kennysheep_potato, uniq_pikel
D:6:      layout_basic, uniq_maggie
D:7:      layout_loops_ring, kennysheep_nondescript, grunt_decor_arrowhead,
          uniq_duvessa
D:8:      layout_basic, minmay_shop_mass
D:9:      layout_irregular_city, gammafunk_ghost_abyssal_escape, enter_bailey_5,
          minmay_misc_feat_plants
D:10:     layout_cross, hangedman_feature_mirror, minmay_holes,
          kennysheep_generic_room_16
D:11:     layout_loops_cross, david_lair_generic, orc_0_dummy, uniq_urug
Temple:   regret_index_temple_chain_breaker

Skill      XL: |  1  2  3  4  5  6  7  8  9 10 11 |
---------------+----------------------------------+-----
Spellcasting   | 3 4 6 7 9 10 | 10.0
Ice Magic      | 5 6 7 9 10 | 10.0
Necromancy     | 1 2 3 4 |  4.8
Fighting       | 3 6 |  6.0
Dodging        | 3 5 |  5.0
Stealth        | 4 5 |  5.0
Invocations    | 5 |  5.0

Action                   |  1- 3 |  4- 6 |  7- 9 | 10-12 || total
-------------------------+-------+-------+-------+-------++-------
Melee: Unarmed           |    19 |    24 |       |       ||    43
       Punch             |       |     2 |       |       ||     2
       Quarterstaff      |       |    36 |   170 |   131 ||   337
 Cast: Freeze            |    38 |    26 |    47 |     7 ||   118
       Frozen Ramparts   |     2 |    11 |    39 |    32 ||    84
       Ozocubu's Armour  |     1 |     5 |    26 |    23 ||    55
       Vampiric Draining |       |       |     4 |    15 ||    19
       Hailstorm         |       |       |       |     5 ||     5
Invok: Recall Undead Har |       |       |     4 |     4 ||     8
       Dark Bargain      |       |       |     1 |       ||     1
  Use: Scroll            |       |       |     3 |     9 ||    12
 Stab: Sleeping          |       |     1 |     1 |     1 ||     3
       Paralysed         |       |       |       |     4 ||     4
Armor: Robe              |    15 |    31 |   120 |   113 ||   279
Dodge: Dodged            |    26 |    43 |   155 |   151 ||   375
